 Dungeon Crawl Stone Soup version 0.31-a0-174-g85c54bcb58 (webtiles) character file.

Game seed: 1843518283236861115

44 qw the Shooter (level 3, -1/22 HPs)
             Began as a Gargoyle Hunter on June 15, 2023.
             Slain by Robin
             ... wielding a +0 mace of holy wrath
              (4 damage)
             ... on level 1 of the Dungeon.
             The game lasted 00:00:19 (554 turns).

qw the Shooter (Gargoyle Hunter)                     Turns: 554, Time: 00:00:20

Health: -1/22      AC:  8    Str: 14    XL:     3   Next: 60%
Magic:  3/3        EV: 10    Int:  9    God:
Gold:   85         SH:  0    Dex: 15    Spells: 2/2 levels left

rFire   . . .        a - +0 shortbow
rCold   . . .        (shield currently unavailable)
rNeg    + . .        d - +0 ring mail
rPois   inf          (no helmet)
rElec   +            (no cloak)
rCorr   .            (no gloves)
SInv    .            (no boots)
Will    .....        (no amulet)
Stlth   +            (no ring)
HPRegen 0.23/turn    (no ring)
MPRegen 0.08/turn

%: no passive effects
@: no status effects
A: sickness immunity, AC +3, negative energy resistance 1, electricity
resistance, torment resistance 1, petrification resistance
a: no special abilities


You were on level 1 of the Dungeon.
You visited 1 branch of the dungeon, and saw 2 of its levels.

You collected 85 gold pieces.


Innate Abilities, Weirdness & Mutations

You are immune to sickness and miasma.
Your stone body is resilient. (AC +3)
You are immune to poison.
You resist negative energy. (rN+)
You are resistant to electric shocks. (rElec)
You are resistant to unholy torment.
You are immune to petrification.


   Skills:
 + Level 2.3 Fighting
 - Level 5.0 Ranged Weapons
 - Level 1.2 Armour
 - Level 1.5 Dodging
 - Level 1.1 Stealth


You had 2 spell levels left.
You didn't know any spells.
Your spell library was empty.

Inventory:

Hand Weapons
 a - a +0 shortbow (weapon)
Armour
 d - a +0 ring mail (worn)
Potions
 c - a potion of might {unknown}

Dungeon Overview and Level Annotations

Branches:
Dungeon (2/15)

Altars:

Annotations:
D:1 Robin


Message History

The goblin closely misses you.
A goblin comes into view. It is wielding a +0 club.
The goblin barely misses you.
You shoot an arrow. The arrow hits Robin.
Robin is lightly wounded.
A hobgoblin comes into view.
Robin hits you with a +0 mace of holy wrath.
The goblin hits you but does no damage.
547 ||| STAIRDANCE The hobgoblin shouts!
You hear a shout!
The goblin misses you.
You climb upwards.
There is a stone staircase leading down here.
You shoot an arrow. The arrow hits Robin.
Robin is moderately wounded.
The goblin misses you.
Robin roars a battlecry!
The goblin goes into a battle-frenzy!
You shoot an arrow. The arrow hits Robin.
Robin is heavily wounded.
The goblin barely misses you. Robin closely misses you.
You shoot an arrow. The arrow barely misses Robin.
The goblin closely misses you.
Robin hits you with a +0 mace of holy wrath.
The goblin hits you but does no damage.
Robin says, "Kneel, worm!"
Robin hits you with a +0 mace of holy wrath.
You shoot an arrow.
The arrow hits Robin but does no damage.
Robin is heavily wounded.
The goblin hits you with a +0 dagger.
Robin hits you with a +0 mace of holy wrath.
You shoot an arrow. The arrow hits Robin.
Robin is severely wounded.
The goblin hits you but does no damage. Robin barely misses you.
You shoot an arrow. The arrow hits Robin.
Robin is almost dead.
The goblin barely misses you.
Robin hits you with a +0 mace of holy wrath.
You die...

#...)......# #.#.#. ##
####..........# ######.#...
.###..>..........# #......####
.#...##..........### #......####
.#.#####...........####.####.#..[
.#.# #....).(...#......####.#.#.
[..####..........####...)..#.#.#.
%>.....%.........g....)....######
..#.....)......g@......)######...
..####)........)).##.....#.....[.
.## #.....................######
.# ###..........####........#####
.###....#.......####.....##......
........#................########
#########.........###..### ## #
########..###....#######.
########.................


You could see Robin and a goblin (strong).

Vanquished Creatures
  3 dart slugs (D:1)
  4 ball pythons (D:1)
  2 bats (D:1)
  3 endoplasms (D:1)
  2 giant cockroaches (D:1)
  10 goblins
  3 hobgoblins
  3 kobolds (D:1)
  2 rats (D:1)
32 creatures vanquished.

Notes
Turn   | Place    | Note
-------+----------+-------------------------------------------
     0 | D:1      | qw the Gargoyle Hunter began the quest for the Orb.
     0 | D:1      | Reached XP level 1. HP: 12/12 MP: 1/1
     0 | D:1      | 0 ||| qw: Version: 0.2-a-29-g511e9b1
     0 | D:1      | 0 ||| qw: Game counter: 5562
     0 | D:1      | 0 ||| qw: Always use a shield: true
     0 | D:1      | 0 ||| qw: God list: Okawaru
     0 | D:1      | 0 ||| qw: Allow faded altars: false
     0 | D:1      | 0 ||| qw: Do Orc after D:15 true
     0 | D:1      | 0 ||| qw: Do second Lair branch before Depths: true
     0 | D:1      | 0 ||| qw: Lair rune preference: random
     0 | D:1      | 0 ||| qw: Plans: Normal, Zot:1-4, Slime:5, God:TSO, Crypt,
                  | Tomb, Abyss, Pan, Hells, Win
     0 | D:1      | 0 ||| PLANNING D:1-11
    61 | D:1      | 61 ||| UPGRADING to +0 ring mail.
    71 | D:1      | 71 ||| DROPPING +0 leather armour.
   116 | D:1      | Reached skill level 1 in Armour
   116 | D:1      | Reached XP level 2. HP: 17/17 MP: 2/2
   256 | D:1      | Reached XP level 3. HP: 21/21 MP: 3/3
   467 | D:1      | 467 ||| DROPPING scroll of butterflies.
   500 | D:2      | Noticed Robin
   504 | D:2      | 504 ||| STAIRDANCE
   508 | D:1      | Reached skill level 5 in Ranged Weapons
   547 | D:2      | 547 ||| STAIRDANCE
   552 | D:1      | HP: 2/22 [Robin/+0 mace of holy wrath (6)]
   554 | D:1      | Slain by Robin

Levels and vault maps discovered:
D:1:      lemuel_arrival_rhombus, layout_rooms, bh_walls_and_bars
D:2:      layout_basic, uniq_robin

Skill      XL: |  1  2  3 |
---------------+----------+-----
Armour         | 1 |  1.2
Ranged Weapons | 5 |  5.0
Fighting       | |  2.3
Dodging        | |  1.5
Stealth        | |  1.1

Action                     || total
---------------------------++-------
   Fire: Shortbow          ||    87
 Armour: Ring mail         ||    16
  Dodge: Dodged            ||    29

Table legend:
 A = Non-vault XP
 B = Vault XP
 C = Vault XP percentage of total XP
 D = Non-vault monster count
 E = Vault monster count
 F = Vault count percentage of total count
                 A         B        C        D         E       F
            +---------+---------+-------+---------+---------+-------
      Total |      55 |       8 |  12.7 |      28 |       4 |  12.5
            +---------+---------+-------+---------+---------+-------
        D:1 |      55 |       4 |   6.8 |      28 |       2 |   6.7
        D:2 |       0 |       4 | 100.0 |       0 |       2 | 100.0
            +---------+---------+-------+---------+---------+-------
